 Dungeon Crawl Stone Soup version 0.17-a0-1378-g281efdd (webtiles) character file.

41 Steifyn the Ruffian (level 3, -4/30 (31) HPs)
             Began as a Ghoul Monk on June 14, 2015.
             Was a Believer of Vehumet.
             Killed by divine providence
             ... invoked by an orc priest
              (12 damage)
             ... on level 3 of the Dungeon.
             The game lasted 00:08:01 (1042 turns).

Steifyn the Ruffian (Ghoul Monk)                    Turns: 1042, Time: 00:08:01

HP:   -4/30 (31)    AC:  3    Str: 14    XL:     3   Next: 52%
MP:   2/2           EV: 13    Int:  5    God:    Vehumet [**....]
Gold: 80            SH:  0    Dex: 12    Spells: 1 memorised, 1 level left

rFire  . . .     SeeInvis .       - Unarmed
rCold  + . .     Clarity  .     a - +1 robe
rNeg   + + +     SustAt   .     (no shield)
rPois  ∞         Gourm    .     (no helmet)
rElec  .         Spirit   .     (no cloak)
rCorr  .         Warding  .     (no gloves)
rMut   .         Stasis   .     (no boots)
MR     .....                    (no amulet)
Stlth  ++........               (no ring)
                                (no ring)

@: rotting, not resistant to hostile enchantments, unstealthy
A: rotting body, claws 1, carnivore 3, cold resistance 1, negative energy
resistance 3, slow healing 1, torment resistance, unbreathing
a: Renounce Religion


You were on level 3 of the Dungeon.
You worshipped Vehumet.
Vehumet was pleased with you.
You were not hungry.

You visited 1 branch of the dungeon, and saw 3 of its levels.

You collected 80 gold pieces.

Inventory:

Armour
 a - a +1 robe (worn)
Scrolls
 h - a scroll of recharging
Potions
 g - a potion of haste
Comestibles
 f - a slice of pizza


   Skills:
 + Level 3.6 Fighting
 + Level 2.9 Dodging
 + Level 2.7 Stealth
 + Level 5.0 Unarmed Combat


You had one spell level left.
You knew the following spells:

 Your Spells              Type           Power        Failure   Level  Hunger
a - Magic Dart            Conj           #...         56%         1    ##.....


Dungeon Overview and Level Annotations

Branches:
Dungeon (3/15)

Altars:
Elyvilon
Kikubaaqudgha
Vehumet
Xom


Innate Abilities, Weirdness & Mutations

Your body is rotting away.
You thrive on raw meat.
You are immune to poison.
You have sharp fingernails.
You are carnivorous and can eat meat at any time.
Your flesh is cold resistant.
You are immune to negative energy.
You heal slowly when monsters are visible.
You are immune to unholy pain and torment.
You can survive without breathing.


Message History

You barely miss the orc priest.
The orc priest is severely wounded.
The orc priest hits you but does no damage.
An orc comes into view. It is wielding a short sword.
You barely miss the orc priest.
The orc priest is severely wounded.
The orc priest barely misses you. The orc misses you.
The orc priest is no longer bleeding.
The orc priest invokes the aid of Beogh against you.
You barely resist. You barely miss the orc. The orc hits you with a flail.
The orc priest hits you with a dagger.
* * * LOW HITPOINT WARNING * * *
You claw the orc!
You kill the orc!
Vehumet accepts your kill. The orc priest closely misses you.
The orc priest invokes the aid of Beogh against you.
Something smites you!
You die...

.......#.#.##. #
#.##.#.#.#.##... .#
#.##.#...... ..#####.#.
#.##.#.#.#.##.........s
#.##.....#.#... .....
#.##.#.....#.# #... #.#
#.##.#.#.....####.######.....
#....#....#..#..()oooogo..#
######...#_#.#..@.######.#...
#.#..#..#..### #.......#.>#
###.#####..# #.# #..# #.#
#..# #.# #..# #.# #..# #.#
#..#######


You could see 2 orc priests, 3 orcs and a hobgoblin.

Vanquished Creatures
  An adder (D:3)
  An orc (D:3)
  A bat (D:1)
  3 giant cockroaches (D:2)
  3 goblins (D:1)
  7 hobgoblins
  5 kobolds (D:1)
  3 giant newts
  4 rats
28 creatures vanquished.

Notes
Turn   | Place    | Note
--------------------------------------------------------------
     0 | D:1      | Steifyn the Ghoul Monk began the quest for the Orb.
     0 | D:1      | Reached XP level 1. HP: 19/19 MP: 0/0
   120 | D:1      | Reached XP level 2. HP: 23/26 MP: 1/1
   671 | D:2      | Reached XP level 3. HP: 31/31 MP: 2/2
   759 | D:2      | Found an ancient bone altar of Kikubaaqudgha.
   759 | D:2      | Found a white marble altar of Elyvilon.
   761 | D:2      | Found a shimmering altar of Xom.
   954 | D:3      | Found a faded altar to an unknown god.
   967 | D:3      | Became a worshipper of Vehumet
   967 | D:3      | Acquired Vehumet's first power
   967 | D:3      | Offered knowledge of Magic Dart by Vehumet.
   973 | D:3      | Learned a level 1 spell: Magic Dart
   982 | D:3      | Offered knowledge of Searing Ray by Vehumet.
   982 | D:3      | Reached skill level 5 in Unarmed Combat
  1042 | D:3      | Killed from afar by an orc priest

Vault maps used:
D:1:      lordsloth_arrival_two_stooges, minmay_misc_feat_doors,
          kennysheep_nondescript
D:2:      nicolae_overflow_hidden_temple, serial_forest,
          infiniplex_forest_lined_2, infiniplex_forest_lined_room_2,
          infiniplex_forest_lined_3_way, infiniplex_forest_clump_tiny,
          infiniplex_forest_straight_2, infiniplex_forest_lined_room_2,
          corexii_leaking_fountain
D:3:      lemuel_crystal_altar, ecumenical_altar_1

Action                   || total
-------------------------++-------
Melee: Unarmed           ||    69
  Use: Potion            ||     5
       Scroll            ||     2
 Stab: Sleeping          ||     4
  Eat: Meat ration       ||     1
